Map: Ulrena

Players

Creeper

  • Race: Protoss Protoss
  • League: Platinum

Psychedelic - Winner!

  • Race: Zerg Zerg
  • League: Diamond

VOD

Have the link to the VOD?

Description

Time

  • Played on: Nov. 14, 2015, 5:46 a.m.
  • Length: 11:35
Show
View Real Time Build Order
Export as new Build Order

Creeper Protoss 

Build Orders:  

Get SALT Encoding   

  12  0:01  Probe (Chrono Boost)  
  13  0:11  Probe (Chrono Boost)  
  14  0:18  Pylon  
  14  0:22  Probe (Chrono Boost)  
  15  0:36  Probe (Chrono Boost)  
  15  0:39  Gateway  
  16  0:47  Probe (Chrono Boost)  
  17  0:50  Assimilator  
  17  0:57  Probe (Chrono Boost)  
  18  1:08  Probe (Chrono Boost)  
  20  1:18  Probe (Chrono Boost)  
  20  1:21  Assimilator  
  20  1:27  Zealot  
  20  1:28  Cybernetics Core  
  22  1:32  Probe (Chrono Boost)  
  22  1:43  Probe (Chrono Boost)  
  22  1:46  Pylon  
  23  2:04  Probe (Chrono Boost), Warp Gate (Chrono Boost)  
  24  2:14  Stalker  
  25  2:16  Probe  
  26  2:24  Pylon  
  26  2:28  Probe  
  27  2:36  Gateway  
  27  2:37  Gateway  
  27  2:54  Robotics Facility  
  27  2:58  Mothership Core  
  29  3:21  Pylon  
  29  3:42  Observer (Chrono Boost)  
  30  3:53  Stalker x2, Pylon  
  30  3:54  Stalker  
  32  4:12  Probe  
  32  4:18  Zealot x3  
  38  4:24  Probe  
  39  4:41  Stalker  
  39  4:42  Stalker x2  
  45  5:03  Pylon  
  45  5:19  Zealot x3  
  47  5:30  Probe  
  46  5:42  Probe  
  47  5:54  Probe, Zealot x3  
  54  6:06  Probe  
  55  6:19  Zealot  
  57  7:00  Stargate  
  57  7:04  Zealot x2  
  57  7:05  Zealot  
  56  7:31  Pylon  
  56  7:33  Pylon  
  52  8:00  Pylon  
  52  8:01  Pylon  
  52  8:11  Probe  
  53  8:17  Void Ray  
  57  8:21  Forge  
  57  8:25  Gateway  
  57  8:28  Pylon  
  57  8:44  Pylon  
  57  8:59  Photon Cannon  
  56  9:20  Cybernetics Core  
  56  9:27  Photon Cannon  
  37  10:30  Stalker  
Show
View Real Time Build Order
Export as new Build Order

Psychedelic Zerg - Winner!

Build Orders: Pool First 

Get SALT Encoding   

  12  0:01  Drone  
  13  0:11  Drone  
  14  0:30  Extractor, Spawning Pool  
  14  0:31  Drone  
  13  0:41  Overlord  
  13  0:44  Drone  
  14  0:59  Drone x2  
  14  1:04  Drone  
  17  1:14  Drone  
  18  1:24  Queen  
  20  1:43  Metabolic Boost  
  20  1:45  Evolution Chamber, Drone x2  
  22  1:47  Drone  
  22  2:18  Hatchery  
  21  2:34  Drone  
  21  2:35  Overlord  
  21  2:36  Overlord  
  22  2:39  Pneumatized Carapace  
  22  2:58  Zergling x2  
  22  2:59  Zergling x4  
  22  3:04  Zergling x2  
  22  3:05  Zergling x4  
  28  3:20  Zergling x2  
  30  3:27  Drone  
  30  3:29  Queen  
  30  3:31  Drone  
  33  3:37  Zergling x8  
  37  3:47  Lair  
  31  4:16  Zergling x14  
  37  4:25  Drone  
  38  4:32  Overlord x2  
  38  4:33  Extractor  
  38  4:37  Drone  
  38  4:38  Drone x2  
  40  4:51  Drone x2  
  42  5:02  Drone x3  
  42  5:05  Extractor  
  42  5:06  Extractor  
  43  5:10  Drone x4, Nydus Network  
  38  5:40  Zergling x10  
  38  5:41  Zergling x2  
  44  5:44  Overlord x3  
  43  6:06  Nydus Canal  
  43  6:25  Spawning Pool  
  42  6:27  Roach Warren  
  41  6:34  Hatchery  
  40  6:42  Hatchery  
  39  6:53  Overlord  
  39  6:54  Overlord  
  39  7:14  Roach x4  
  47  7:19  Hatchery  
  46  7:24  Roach x3  
  46  7:27  Nydus Canal  
  50  7:48  Queen  
  49  7:51  Queen  
  44  8:07  Roach x6  
  56  8:17  Drone x2  
  58  8:25  Overlord x2  
  58  8:27  Extractor  
  58  8:30  Queen  
  59  8:43  Lair  
  59  8:47  Spore Crawler  
  58  8:50  Spore Crawler, Spine Crawler, Roach  
  58  9:07  Drone x6  
  58  9:08  Drone  
  65  9:21  Zergling x2  
  65  9:22  Zergling x6  
  69  9:27  Nydus Canal  
  69  9:33  Roach x2  
  71  9:49  Roach x4  
  69  10:04  Zergling x12  
  72  10:13  Roach x2  
  74  10:29  Roach x3  
  80  10:49  Nydus Canal  
  78  10:51  Queen  
Tags
 
Add a new tag
Caveats
  • Supply blocks, unpowered buildings, or Contaminate may cause inaccurate times.
  • Supply counts are checked every 10 seconds.